 Dungeon Crawl Stone Soup version 0.21-a0-450-gd87a9b2 (webtiles) character file.

109 Gorice the Ruffian (level 4, -1/33 HPs)
             Began as a Demonspawn Wanderer on Nov 18, 2017.
             Killed from afar by Sigmund (7 damage)
             ... with a puff of flame
             ... on level 2 of the Dungeon.
             The game lasted 00:08:27 (2568 turns).

Gorice the Ruffian (Demonspawn Wanderer)            Turns: 2568, Time: 00:08:28

Health: -1/33      AC:  5    Str: 18    XL:     4   Next: 59%
Magic:  7/7        EV: 10    Int: 10    God:
Gold:   68         SH:  3    Dex: 11    Spells: 7/7 levels left

rFire    . . .     SeeInvis .     - Unarmed
rCold    . . .     Gourm    .   i - +0 buckler
rNeg     . . .     Faith    .   k - +0 ring mail
rPois    .         Spirit   .   (no helmet)
rElec    .         Reflect  .   (no cloak)
rCorr    .         Harm     .   (no gloves)
MR       .....                  (no boots)
Stlth    ++........             (no amulet)
HPRegen  0.11/turn              (no ring)
MPRegen  0.10/turn              (no ring)

@: no status effects
A: claws 1, nightstalker 1
a: no special abilities


You were on level 2 of the Dungeon.
You were hungry.

You visited 1 branch of the dungeon, and saw 2 of its levels.

You collected 68 gold pieces.

Inventory:

Hand Weapons
 f - a +0 dagger
Missiles
 p - 6 sling bullets
 Y - a stone (quivered)
Armour
 i - a +0 buckler (worn)
 k - a +0 ring mail (worn)
Wands
 a - a wand of confusion (14/48)
Scrolls
 e - a scroll of immolation {unknown}
Potions
 h - a potion of brilliance {!q}
 l - a potion of magic {!q}
Books
 b - the Papyrus of Envenoming

   Spells                             Type                      Level
   a - Sting                          Conjuration/Poison           1
   b - Spider Form                    Transmutation/Poison         3
 c - the Compendium of Air

   Spells                             Type                      Level
   a - Shock                          Conjuration/Air              1
   b - Mephitic Cloud                 Conjuration/Poison/Air       3
Comestibles
 d - 5 chunks of flesh
 g - a bread ration {!e}
 j - 3 fruits


   Skills:
 - Level 1.7 Fighting
 + Level 1.3 Armour
 - Level 1.0 Dodging
 - Level 1.7 Stealth
 - Level 1.0 Shields
 * Level 3.0 Unarmed Combat
 - Level 2.0 Spellcasting
   Level 1.0 Conjurations
   Level 1.7 Air Magic
 - Level 1.0 Evocations


You had 7 spell levels left.
You didn't know any spells.

Dungeon Overview and Level Annotations

Branches:
Dungeon (2/15)

Altars:
Elyvilon

Annotations:
D:2 Sigmund


Innate Abilities, Weirdness & Mutations

You have sharp fingernails.
You are slightly more attuned to the shadows.


Message History

Things that are here:
a dagger; a goblin corpse; Damage: 6 (max 6)
You claw Natasha!
Natasha is severely wounded.
Natasha claws you.
* * * LOW HITPOINT WARNING * * *
The iron imp hits you.
* * * LOW HITPOINT WARNING * * *
Damage: 7 (max 7) It was a potion of curing.
You feel better. Natasha closely misses you.
You scratch Natasha.
Natasha is almost dead.
Natasha claws you.
* * * LOW HITPOINT WARNING * * *
Damage: 1 (max 7)
You miss Natasha.
Natasha is almost dead.
Natasha claws you but does no damage.
You miss Natasha.
Natasha is almost dead.
Natasha claws you.
* * * LOW HITPOINT WARNING * * *
Damage: 2 (max 7)
You claw Natasha!
You kill Natasha!
Natasha yowls pathetically as she dies!
The iron imp disappears in a puff of smoke!
Your Unarmed Combat skill increases to level 3!
Things that are here:
a dagger; the felid corpse of Natasha; a goblin corpse
Things that are here:
a dagger; the felid corpse of Natasha; a goblin corpse Butcher the felid corpse of Natasha? [(y)es/(c)hoosy/(n)o/(a)ll/(e)dible/(q)uit/?]
You butcher the felid corpse of Natasha.
You butcher the goblin corpse.
d - 4 chunks of flesh (gained 2);
d - 5 chunks of flesh (gained 1)
You see here a dagger.
You now have 68 gold pieces (gained 15).
Found 14 gold pieces.
Found a bread ration.
Sigmund the Dreaded comes into view.
He is wielding a scythe.
You are feeling hungry.
Sigmund shouts!
Sigmund gestures at you while chanting. The puff of flame hits you!
* * * LOW HITPOINT WARNING * * *
Damage: 4 (max 4) Sigmund casts a spell at you.
The puff of flame hits you!
You die...

##.# ##.....##..#
#..###.#...##....##
#.......>..........
#.........#........
########..........###.....
#...#..)..................
#...#.###.......h.###....#
#..................##.##.#
#........@...............#
#...@#####..........#.....
####.# ###.###.......... #.#
#..# #.#........ #@#
#.####.##.......
#####.######......##.#(....
##..........................
#.............###.###..##<..
#..............#
#..###..#...


You could see Sigmund.

Vanquished Creatures
  Natasha (D:2)
  4 adders (D:2)
  2 worms (D:2)
  2 dart slugs (D:1)
  A leopard gecko (D:1)
  A giant cockroach (D:1)
  4 hobgoblins
  6 jackals (D:1)
  8 bats
  5 frilled lizards
  2 goblins
  3 kobolds (D:1)
  A rat (D:2)
40 creatures vanquished.

Notes
Turn   | Place    | Note
-------+----------+-------------------------------------------
     0 | D:1      | Gorice the Demonspawn Wanderer began the quest for the Orb.
     0 | D:1      | Gorice set off with: a wand of confusion (15/48), the Papyrus of Envenoming, the Compendium of Air, a +0 robe, a +0 club, a +0 dagger, a bread ration {!e}
     0 | D:1      | Reached XP level 1. HP: 13/13 MP: 3/3
     5 | D:1      | Identified the Papyrus of Envenoming
     5 | D:1      | Identified the Compendium of Air
   171 | D:1      | Reached skill level 1 in Fighting
   190 | D:1      | HP: 4/15 [bat (1)]
   407 | D:1      | HP: 2/15 [leopard gecko (3)]
   416 | D:1      | Gained mutation: You have sharp fingernails. [demonic ancestry]
   416 | D:1      | Reached XP level 2. HP: 4/22 MP: 5/5
  1024 | D:1      | Reached skill level 1 in Unarmed Combat
  1369 | D:1      | Reached XP level 3. HP: 23/27 MP: 6/6
  1780 | D:2      | Reached skill level 2 in Unarmed Combat
  1979 | D:2      | Found a white marble altar of Elyvilon.
  2290 | D:2      | Noticed Natasha
  2378 | D:2      | Gained mutation: You are slightly more attuned to the shadows. [demonic ancestry]
  2378 | D:2      | Reached XP level 4. HP: 30/33 MP: 7/7
  2450 | D:2      | Reached skill level 1 in Armour
  2533 | D:2      | HP: 5/33 [Natasha (6)]
  2538 | D:2      | HP: 6/33 [Natasha (2)]
  2539 | D:2      | Killed Natasha
  2539 | D:2      | Reached skill level 3 in Unarmed Combat
  2556 | D:2      | Noticed Sigmund
  2558 | D:2      | HP: 5/33 [Sigmund/puff of flame (4)]
  2568 | D:2      | Killed from afar by Sigmund

Vault maps used:
D:1:      ncdulo_halloftheorcs, glass_columns_b, minmay_misc_feat_secret_circle,
          minivault_27
D:2:      elyvilon_altar_1, uniq_sigmund, uniq_natasha

Skill      XL: |  1  2  3  4 |
---------------+-------------+-----
Fighting       | 1 |  1.7
Unarmed Combat | 1 2 3 |  3.0
Armour         | 1 |  1.3
Dodging        | |  1.0
Stealth        | |  1.7
Shields        | |  1.0
Spellcasting   | |  2.0
Conjurations   | |  1.0
Air Magic      | |  1.7
Evocations     | |  1.0

Action                   |  1- 3 |  4- 6 || total
-------------------------+-------+-------++-------
Melee: Club              |    43 |       ||    43
       Unarmed           |   161 |    28 ||   189
Throw: Stone             |     1 |       ||     1
Evoke: Wand              |     1 |       ||     1
  Use: Scroll            |     4 |       ||     4
       Potion            |       |     1 ||     1
 Stab: Sleeping          |     1 |     1 ||     2
  Eat: Chunk             |     4 |     1 ||     5
Armor: Robe              |    51 |       ||    51
       Ring mail         |    15 |     4 ||    19
Dodge: Dodged            |   136 |    15 ||   151
Block: Buckler           |    25 |     3 ||    28

Table legend:
 A = Spawn XP
 B = Non-spawn XP
 C = Spawn XP percentage of total XP
 D = Spawn monster count
 E = Non-spawn monster count
 F = Spawn count percentage of total count
 G = Total turns spent on level
                    A         B        C        D         E        F      G
               +---------+---------+-------+---------+---------+-------+---------
         Total |       0 |     156 |   0.0 |       0 |      40 |   0.0 |  2568
               +---------+---------+-------+---------+---------+-------+---------
           D:1 |       0 |      50 |   0.0 |       0 |      27 |   0.0 |  1803
           D:2 |       0 |     106 |   0.0 |       0 |      13 |   0.0 |   765
               +---------+---------+-------+---------+---------+-------+---------

Table legend:
 A = Turns spent in this place as a percentage of turns spent in the entire game.
 B = Non-inter-level travel turns spent in this place as a percentage of non-inter-level travel turns spent in the entire game.
 C = Inter-level travel turns spent in this place as a percentage of turns spent in this place.
 D = Turns resting spent in this place as a percentage of non-inter-level travel turns spent in this place.
 E = Turns spent auto-exploring this place as a percentage of non-inter-level travel turns spent in this place.
 F = Non-inter-level travel turns spent in this place divided by the number of levels of this place that you've seen.
                   A       B       C       D       E      F
               +-------+-------+-------+-------+-------+----------------------
         Total | 100.0 | 100.0 |   3.7 |  41.7 |  32.2 | 1236.0
       Dungeon | 100.0 | 100.0 |   3.7 |  41.7 |  32.2 | 1236.0
               +-------+-------+-------+-------+-------+----------------------

Vault maps used:
D:1:      ncdulo_halloftheorcs, glass_columns_b, minmay_misc_feat_secret_circle,
          minivault_27
D:2:      elyvilon_altar_1, uniq_sigmund, uniq_natasha
